BR (22 & UNDER)
SAN FRANCISCO MACHO MEN @ PITTSBURGH KILLA BEEZ
07/21/2028
 
TOP OF THE 1ST
San Francisco Macho Men batting - Pitching for Pittsburgh Killa Beez : RHP António Martínez
Pitching: RHP António Martínez
Batting: RHB Júlio Serra 0-0: Swinging Strike
0-1: Foul Ball, location: 2F
0-2: DOUBLE (Line Drive, 78D)
Batting: LHB Ángel De Jesús 0-0: Ball
1-0: Foul Ball, location: 2F
1-1: Swinging Strike
1-2: Strikes out swinging
Batting: LHB Ernesto Hernández 0-0: Called Strike
0-1: Ball
1-1: Foul Ball, location: 2F
1-2: Foul Ball, location: 2F
1-2: Ball
2-2: Strikes out swinging
Batting: RHB Ánibal López 0-0: Called Strike
0-1: Called Strike
0-2: Strikes out swinging
Top of the 1st over - 0 run(s), 1 hit(s), 0 error(s), 1 left on base; San Francisco 0 - Pittsburgh 0
BOTTOM OF THE 1ST
Pittsburgh Killa Beez batting - Pitching for San Francisco Macho Men : RHP Miguel Yan
Pitching: RHP Miguel Yan
Batting: RHB José Mindoro 0-0: Fly out, F7 (Flyball, 78M)
Batting: LHB Rafael Carrión 0-0: Ball
1-0: Called Strike
1-1: Ball
2-1: Foul Ball, location: 2F
2-2: Foul Ball, location: 2F
2-2: Ground out 4-3 (Groundball, 34)
Batting: LHB Carlos Gutiérrez 0-0: Ball
1-0: Called Strike
1-1: Ground out U3 (Groundball, 34)
Bottom of the 1st over - 0 run(s), 0 hit(s), 0 error(s), 0 left on base; San Francisco 0 - Pittsburgh 0
TOP OF THE 2ND
San Francisco Macho Men batting - Pitching for Pittsburgh Killa Beez : RHP António Martínez
Batting: RHB Phil Rowlett 0-0: Foul Ball, location: 2F
0-1: Ball
1-1: Called Strike
1-2: Ball
2-2: Foul Ball, location: 2F
2-2: Ball
3-2: Ground out 6-3 (Groundball, 6)
Batting: RHB Dean Oglethorpe 0-0: Fly out, F7 (Flyball, 7)
Batting: RHB Bob Jones 0-0: Ball
1-0: SINGLE (Flyball, 78S)
Batting: RHB Lawrence Pérez 0-0: Called Strike
0-1: Ball
1-1: Swinging Strike
1-2: SINGLE (Groundball, 56D)
Bob Jones to second
Batting: RHB Daniel Bennett 0-0: Called Strike
0-1: Ball
1-1: Foul Ball, location: 2F
1-2: Foul Ball, location: 2F
1-2: Foul Ball, location: 2F
1-2: Reached on error, E4 (Groundball, 4)
Bob Jones to third
Lawrence Pérez to second
Batting: RHB Júlio Serra 0-0: Called Strike
0-1: Foul Ball, location: 2F
0-2: Fly out, F9 (Flyball, 9S)
Top of the 2nd over - 0 run(s), 2 hit(s), 1 error(s), 3 left on base; San Francisco 0 - Pittsburgh 0
BOTTOM OF THE 2ND
Pittsburgh Killa Beez batting - Pitching for San Francisco Macho Men : RHP Miguel Yan
Batting: RHB José Deleón 0-0: Reached on error, E4 (Groundball, 4)
Batting: LHB Paco Gálvez 0-0: Foul Ball, location: 2F
0-1: Fly out, F9 (Flyball, 89S)
Batting: LHB José Cantú 0-0: Ground out 1-3 (Groundball, P)
José Deleón to third
Batting: SHB Enrique Bartoccini 0-0: Fly out, F3 (Popup, 3D)
Bottom of the 2nd over - 0 run(s), 0 hit(s), 1 error(s), 1 left on base; San Francisco 0 - Pittsburgh 0
TOP OF THE 3RD
San Francisco Macho Men batting - Pitching for Pittsburgh Killa Beez : RHP António Martínez
Batting: LHB Ángel De Jesús 0-0: Fly out, F9 (Flyball, 89S)
Batting: LHB Ernesto Hernández 0-0: Called Strike
0-1: Ball
1-1: Called Strike
1-2: Ball
2-2: Fly out, F3 (Popup, 34S)
Batting: RHB Ánibal López 0-0: Called Strike
0-1: SINGLE (Groundball, 34D)
Batting: RHB Phil Rowlett 0-0: Called Strike
0-1: Ball
1-1: Swinging Strike
1-2: Strikes out swinging
Top of the 3rd over - 0 run(s), 1 hit(s), 0 error(s), 1 left on base; San Francisco 0 - Pittsburgh 0
BOTTOM OF THE 3RD
Pittsburgh Killa Beez batting - Pitching for San Francisco Macho Men : RHP Miguel Yan
Batting: RHB Alonso Sacco 0-0: Called Strike
0-1: Called Strike
0-2: Ball
1-2: Fly out, F8 (Flyball, 8RD)
Batting: LHB Argaw Mwita 0-0: Ball
1-0: Foul Ball, location: 2F
1-1: Foul Ball, location: 2F
1-2: Ball
2-2: Ball
3-2: Ground out U3 (Groundball, 34)
Batting: RHB José Mindoro 0-0: Ball
1-0: Swinging Strike
1-1: Foul Ball, location: 2F
1-2: Foul Ball, location: 2F
1-2: Strikes out looking
Bottom of the 3rd over - 0 run(s), 0 hit(s), 0 error(s), 0 left on base; San Francisco 0 - Pittsburgh 0
TOP OF THE 4TH
San Francisco Macho Men batting - Pitching for Pittsburgh Killa Beez : RHP António Martínez
Batting: RHB Dean Oglethorpe 0-0: Foul Ball, location: 2F
0-1: Fly out, F8 (Line Drive, 8LXD)
Batting: RHB Bob Jones 0-0: Ball
1-0: Fly out, F7 (Line Drive, 78M)
Batting: RHB Lawrence Pérez 0-0: Called Strike
0-1: Ball
1-1: Ball
2-1: Foul Ball, location: 2F
2-2: Foul Ball, location: 2F
2-2: SINGLE (Line Drive, 56D)
Batting: RHB Daniel Bennett 0-0: Called Strike
0-1: Ball
1-1: Called Strike
1-2: Foul Ball, location: 2F
1-2: Ball
2-2: Ball
3-2: Fly out, F8 (Flyball, 8LS)
Top of the 4th over - 0 run(s), 1 hit(s), 0 error(s), 1 left on base; San Francisco 0 - Pittsburgh 0
BOTTOM OF THE 4TH
Pittsburgh Killa Beez batting - Pitching for San Francisco Macho Men : RHP Miguel Yan
Batting: LHB Rafael Carrión 0-0: Ball
1-0: Ball
2-0: Ground out 1-3 (Groundball, P)
Batting: LHB Carlos Gutiérrez 0-0: Called Strike
0-1: Ball
1-1: Ground out 4-3 (Groundball, 4)
Batting: RHB José Deleón 0-0: Called Strike
0-1: Foul Ball, location: 2F
0-2: Ball
1-2: Ball
2-2: Ball
3-2: Ground out 5-3 (Groundball, 56)
Bottom of the 4th over - 0 run(s), 0 hit(s), 0 error(s), 0 left on base; San Francisco 0 - Pittsburgh 0
TOP OF THE 5TH
San Francisco Macho Men batting - Pitching for Pittsburgh Killa Beez : RHP António Martínez
Batting: RHB Júlio Serra 0-0: Called Strike
0-1: Ball
1-1: Swinging Strike
1-2: Hit by Pitch
Batting: LHB Ángel De Jesús 0-0: Fly out, F7 (Flyball, 7LSF)
Batting: LHB Ernesto Hernández 0-0: Ball
1-0: Ground out 1-3 (Groundball, 13S)
Júlio Serra to second
Batting: RHB Ánibal López 0-0: Ground out 5-3 (Groundball, 56S)
Top of the 5th over - 0 run(s), 0 hit(s), 0 error(s), 1 left on base; San Francisco 0 - Pittsburgh 0
BOTTOM OF THE 5TH
Pittsburgh Killa Beez batting - Pitching for San Francisco Macho Men : RHP Miguel Yan
Batting: LHB Paco Gálvez 0-0: Foul Ball, location: 2F
0-1: Swinging Strike
0-2: Foul Ball, location: 2F
0-2: Ball
1-2: Foul Ball, location: 2F
1-2: Ball
2-2: Ball
3-2: Base on Balls
Batting: LHB José Cantú 0-0: Ball
1-0: Ball
2-0: Ball
3-0: Called Strike
3-1: Called Strike
3-2: Ground out 4-3 (Groundball, 4MS)
Paco Gálvez to second
Batting: SHB Enrique Bartoccini 0-0: Ball
1-0: Ball
2-0: Foul Ball, location: 2F
2-1: Ball
3-1: Foul Ball, location: 2F
3-2: Foul Ball, location: 2F
3-2: Strikes out swinging
Batting: RHB Alonso Sacco 0-0: Called Strike
0-1: Called Strike
0-2: Foul Ball, location: 2F
0-2: Ball
1-2: Foul Ball, location: 2F
1-2: Ball
2-2: Foul Ball, location: 2F
2-2: Strikes out swinging
Bottom of the 5th over - 0 run(s), 0 hit(s), 0 error(s), 1 left on base; San Francisco 0 - Pittsburgh 0
TOP OF THE 6TH
San Francisco Macho Men batting - Pitching for Pittsburgh Killa Beez : RHP António Martínez
Batting: RHB Phil Rowlett 0-0: Ball
1-0: SOLO HOME RUN (Line Drive, 9D), Distance : 328 ft
Batting: RHB Dean Oglethorpe 0-0: Reached on error, E4 (Groundball, 4)
Batting: RHB Bob Jones 0-0: Ball
1-0: Ball
Dean Oglethorpe steals 2nd base
2-0: Intentional Walk
Pitching: RHP Francisco Ramírez
Batting: RHB Lawrence Pérez 0-0: Called Strike
0-1: Foul Ball, location: 2F
0-2: Foul Ball, location: 2F
0-2: Ball
1-2: Foul Ball, location: 2F
1-2: DOUBLE (Flyball, 78XD)
Dean Oglethorpe scores
Bob Jones to third
Runner from 3rd tries for Home, SAFE, throw made home
Batting: RHB Daniel Bennett 0-0: Ground out 4-3 (Groundball, 4)
Lawrence Pérez to third
Batting: RHB Júlio Serra 0-0: Intentional Walk
Batting: LHB Ángel De Jesús 0-0: Swinging Strike
0-1: Fly out, F7 (Flyball, 7S)
Batting: LHB Ernesto Hernández 0-0: Called Strike
0-1: Ball
1-1: Ball
2-1: Ball
3-1: Foul Ball, location: 2F
3-2: Foul Ball, location: 2F
3-2: Ground out U3 (Groundball, 3)
Top of the 6th over - 3 run(s), 2 hit(s), 1 error(s), 2 left on base; San Francisco 3 - Pittsburgh 0
BOTTOM OF THE 6TH
Pittsburgh Killa Beez batting - Pitching for San Francisco Macho Men : RHP Miguel Yan
Batting: LHB Argaw Mwita 0-0: Ball
1-0: Foul Ball, location: 2F
1-1: Called Strike
1-2: Foul Ball, location: 2F
1-2: Foul Ball, location: 2F
1-2: Fly out, F8 (Flyball, 8LM)
Batting: RHB José Mindoro 0-0: Ball
1-0: Called Strike
1-1: Foul Ball, location: 2F
1-2: Ball
2-2: Strikes out looking
Batting: LHB Rafael Carrión 0-0: Ball
1-0: Swinging Strike
1-1: SINGLE (Line Drive, 6M)
Pitching: RHP Javier Santos
Batting: LHB Carlos Gutiérrez 0-0: Called Strike
Rafael Carrión steals 2nd base
0-1: Swinging Strike
0-2: Ball
1-2: Foul Ball, location: 2F
1-2: Strikes out swinging, 2-3 out at first.
Bottom of the 6th over - 0 run(s), 1 hit(s), 0 error(s), 1 left on base; San Francisco 3 - Pittsburgh 0
TOP OF THE 7TH
San Francisco Macho Men batting - Pitching for Pittsburgh Killa Beez : RHP Francisco Ramírez
Batting: RHB Ánibal López 0-0: SINGLE (Groundball, 6MD)
Batting: RHB Phil Rowlett 0-0: Ball
1-0: Fly out, F9 (Flyball, 9S)
Batting: RHB Dean Oglethorpe 0-0: Called Strike
0-1: Ball
1-1: Ball
2-1: Ball
3-1: Foul Ball, location: 2F
3-2: Fly out, F8 (Flyball, 89M)
Batting: RHB Bob Jones 0-0: Foul Ball, location: 2F
0-1: Ball
1-1: Ball
2-1: Ball
3-1: Base on Balls
Ánibal López to second
Batting: RHB Lawrence Pérez 0-0: Foul Ball, location: 2F
0-1: Swinging Strike
0-2: Ball
1-2: Strikes out swinging
Top of the 7th over - 0 run(s), 1 hit(s), 0 error(s), 2 left on base; San Francisco 3 - Pittsburgh 0
BOTTOM OF THE 7TH
Pittsburgh Killa Beez batting - Pitching for San Francisco Macho Men : RHP Javier Santos
Batting: RHB José Deleón 0-0: Called Strike
0-1: Foul Ball, location: 2F
0-2: Foul Ball, location: 2F
0-2: Ball
1-2: Ball
2-2: DOUBLE (Groundball, 5L)
Batting: LHB Paco Gálvez 0-0: Fly out, F7 (Line Drive, 7)
Batting: LHB José Cantú 0-0: Ball
1-0: Foul Ball, location: 2F
1-1: Ball
2-1: Fly out, F8 (Flyball, 8LM)
Batting: SHB Enrique Bartoccini 0-0: Called Strike
0-1: Swinging Strike
0-2: Ball
1-2: Ball
2-2: Strikes out looking
Bottom of the 7th over - 0 run(s), 1 hit(s), 0 error(s), 1 left on base; San Francisco 3 - Pittsburgh 0
TOP OF THE 8TH
San Francisco Macho Men batting - Pitching for Pittsburgh Killa Beez : RHP Francisco Ramírez
Batting: RHB Daniel Bennett 0-0: Called Strike
0-1: Called Strike
0-2: Strikes out swinging
Batting: RHB Júlio Serra 0-0: Called Strike
0-1: Swinging Strike
0-2: Hit by Pitch
Batting: LHB Ángel De Jesús 0-0: Called Strike
0-1: Ball
1-1: Ball
2-1: Foul Ball, location: 2F
2-2: Strikes out looking
Batting: LHB Ernesto Hernández 0-0: Called Strike
0-1: Ball
Júlio Serra steals 2nd base
1-1: Ground out 6-3 (Groundball, 6M)
Top of the 8th over - 0 run(s), 0 hit(s), 0 error(s), 1 left on base; San Francisco 3 - Pittsburgh 0
BOTTOM OF THE 8TH
Pittsburgh Killa Beez batting - Pitching for San Francisco Macho Men : RHP Javier Santos
Batting: RHB Alonso Sacco 0-0: Ball
1-0: Ball
2-0: Called Strike
2-1: Ball
3-1: Called Strike
3-2: Strikes out swinging
Batting: LHB Argaw Mwita 0-0: Ball
1-0: Ball
2-0: Fly out, F5 (Popup, 5S)
Batting: RHB José Mindoro 0-0: Called Strike
0-1: Ball
1-1: Ground out 3-1 (Groundball, 34)
Bottom of the 8th over - 0 run(s), 0 hit(s), 0 error(s), 0 left on base; San Francisco 3 - Pittsburgh 0
TOP OF THE 9TH
San Francisco Macho Men batting - Pitching for Pittsburgh Killa Beez : RHP Francisco Ramírez
Batting: RHB Ánibal López 0-0: Called Strike
0-1: Foul Ball, location: 2F
0-2: Ball
1-2: Foul Ball, location: 2F
1-2: Ball
2-2: Strikes out looking
Batting: RHB Phil Rowlett 0-0: Ball
1-0: Ball
2-0: Called Strike
2-1: Ball
3-1: Swinging Strike
3-2: Strikes out swinging
Batting: RHB Dean Oglethorpe 0-0: Ball
1-0: Swinging Strike
1-1: Foul Ball, location: 2F
1-2: Strikes out swinging
Top of the 9th over - 0 run(s), 0 hit(s), 0 error(s), 0 left on base; San Francisco 3 - Pittsburgh 0
BOTTOM OF THE 9TH
Pittsburgh Killa Beez batting - Pitching for San Francisco Macho Men : RHP Javier Santos
Pitching: RHP Ryuichi Ohayashi
Now at 1B: Nelson Burton
Now at 2B: Armando Alomar
Now in CF: Bartolo Baruffaldi
Batting: LHB Rafael Carrión 0-0: Fly out, F9 (Flyball, 9)
Batting: LHB Carlos Gutiérrez 0-0: Foul Ball, location: 2F
0-1: Ball
1-1: Foul Ball, location: 2F
1-2: Foul Ball, location: 2F
1-2: Ball
2-2: Ball
3-2: Strikes out looking
Batting: RHB José Deleón 0-0: Fly out, F9 (Flyball, 9S)
Bottom of the 9th over - 0 run(s), 0 hit(s), 0 error(s), 0 left on base; San Francisco 3 - Pittsburgh 0
Tuesday, August 8th, 2017 - OOTP Baseball 17.12 Build 75